[Event "Kragero Resort A 2020"]
[Site "Kragero"]
[Date "2020.02.22"]
[Round "8.12"]
[White "Ranaldi, Lucas"]
[Black "Salimova, Nurgyul"]
[Result "1/2-1/2"]
[ECO "A16"]
[WhiteElo "2302"]
[BlackElo "2372"]
[Annotator "ChessBase"]
[PlyCount "71"]
[EventDate "2020.02.19"]
[EventType "swiss"]
[EventCountry "NOR"]
[SourceTitle "playchess.com"]
[Source "ChessBase"]
[SourceQuality "1"]
[TimeControl "5400+30"]

1. c4 Nf6 2. g3 g6 3. Bg2 d5 4. cxd5 Nxd5 5. Nc3 Nb6 6. d3 Bg7 7. Be3 Nc6 8. Nf3 O-O 9. Qd2 Nb4 10. h4 h5 11. Rc1 N4d5 12. Bh6 Nf6 13. Bxg7 Kxg7 14. d4 c6 15. e4 Bg4 16. Ne5 Qd6 17. f3 Be6 18. Kf2 Rad8 19. Rhd1 Nbd7 20. Nxd7 Qxd7 21. Qe3 Kh7 22. Rc2 Bh3 23. Rcd2 Bxg2 24. Kxg2 Qe6 25. Qf2 Qc4 26. Qe3 Qe6 27. Rd3 Rd7 28. b3 Rdd8 29. Ne2 Qc8 30. Nf4 Qc7 31. d5 a6 32. dxc6 Rxd3 33. Qxd3 Qxc6 34. e5 Ng4 35. Re1 Rc8 36. Re2 1/2-1/2

[Event "Kragero Resort A 2020"]
[Site "Kragero"]
[Date "2020.02.22"]
[Round "8.14"]
[White "Van Dael, Siem"]
[Black "Gretarsson, Helgi Ass"]
[Result "0-1"]
[ECO "B06"]
[WhiteElo "2257"]
[BlackElo "2403"]
[Annotator "ChessBase"]
[PlyCount "116"]
[EventDate "2020.02.19"]
[EventType "swiss"]
[EventCountry "NOR"]
[SourceTitle "playchess.com"]
[Source "ChessBase"]
[SourceQuality "1"]
[TimeControl "5400+30"]

1. e4 g6 2. d4 Bg7 3. Nc3 d6 4. Be3 a6 5. Qd2 b5 6. f3 Nd7 7. h4 h5 8. Nh3 Bb7 9. O-O-O Rc8 10. Ng5 c5 11. e5 cxd4 12. e6 fxe6 13. Bxd4 e5 14. Be3 Nf8 15. Nxb5 axb5 16. Bxb5+ Bc6 17. Bxc6+ Rxc6 18. Qd5 Kd7 19. Nf7 Qc8 20. Nxh8 Nf6 21. Qb3 Bxh8 22. Rhe1 Ne6 23. Kb1 Rc4 24. Bf2 Ke8 25. a4 Qa6 26. a5 e4 27. fxe4 Ng4 28. Bb6 Nd4 29. Bxd4 Bxd4 30. c3 Bf2 31. Rh1 Rxe4 32. Qg8+ Kd7 33. Qxg6 Re5 34. b4 Qc4 35. Qc2 Ne3 36. Qa4+ Ke6 37. Rd2 Nd5 38. Rc2 Nxc3+ 39. Rxc3 Qxc3 40. Qa2+ Kd7 41. Qa4+ Kd8 42. Rc1 Qd3+ 43. Qc2 Qxc2+ 44. Rxc2 Bd4 45. Rc4 Rd5 46. Kc2 e5 47. g4 hxg4 48. h5 Rb5 49. a6 Rb8 50. b5 g3 51. a7 Bxa7 52. Rg4 Rxb5 53. h6 e4 54. Rg8+ Kc7 55. Rxg3 Rh5 56. Rg7+ Kb6 57. h7 Ka6 58. Re7 e3 0-1

[Event "Kragero Resort A 2020"]
[Site "Kragero"]
[Date "2020.02.22"]
[Round "8.15"]
[White "Tryggestad, Andreas Garberg"]
[Black "Doluhanova, Evgeniya"]
[Result "1-0"]
[ECO "E18"]
[WhiteElo "2380"]
[BlackElo "2258"]
[Annotator "ChessBase"]
[PlyCount "133"]
[EventDate "2020.02.19"]
[EventType "swiss"]
[EventCountry "NOR"]
[SourceTitle "playchess.com"]
[Source "ChessBase"]
[SourceQuality "1"]
[TimeControl "5400+30"]

1. d4 Nf6 2. c4 e6 3. Nf3 b6 4. g3 Bb7 5. Bg2 Be7 6. O-O O-O 7. Re1 Na6 8. Nc3 d5 9. cxd5 Nxd5 10. e4 Nxc3 11. bxc3 c5 12. Bf4 cxd4 13. cxd4 Rc8 14. a3 Rc3 15. Ne5 f6 16. Nf3 Kh8 17. Bc1 Qa8 18. Bb2 Rc7 19. Qe2 Rfc8 20. Rab1 Rd8 21. h4 Qc8 22. h5 Rc2 23. Qe3 Nc7 24. h6 g6 25. Bh3 Nb5 26. Qb3 Qc4 27. Qxc4 Rxc4 28. Bxe6 Rc2 29. Re3 Nd6 30. d5 Nc4 31. Rb3 Nxb2 32. R3xb2 Rc3 33. Rb3 Rc5 34. g4 Bc8 35. Bxc8 Rcxc8 36. Nd4 Kg8 37. Nc6 Rd7 38. Rf3 Re8 39. Nd4 Bxa3 40. Rxa3 Rxe4 41. Nc6 Rxg4+ 42. Kf1 Rh4 43. Kg2 Rh5 44. Rxa7 Rxa7 45. Nxa7 Rxd5 46. Rxb6 Rh5 47. Rxf6 Rxh6 48. Nb5 Rh5 49. Nd4 Kg7 50. Ra6 Rd5 51. Ne6+ Kf7 52. Nf4 Rd4 53. Kg3 h5 54. f3 Rd1 55. Nh3 Kg7 56. Ng5 Rg1+ 57. Kf4 Kh6 58. Ne6 h4 59. Ra8 Kh7 60. Ra7+ Kg8 61. Ke5 Rf1 62. f4 Rb1 63. Kf6 Rb6 64. Rg7+ Kh8 65. Rxg6 Rb5 66. Ng5 Rb4 67. Nf7+ 1-0

[Event "Kragero Resort A 2020"]
[Site "Kragero"]
[Date "2020.02.22"]
[Round "8.16"]
[White "Radeva, Viktoria"]
[Black "Miedema, David"]
[Result "1/2-1/2"]
[ECO "C08"]
[WhiteElo "2320"]
[BlackElo "2368"]
[Annotator "ChessBase"]
[PlyCount "100"]
[EventDate "2020.02.19"]
[EventType "swiss"]
[EventCountry "NOR"]
[SourceTitle "playchess.com"]
[Source "ChessBase"]
[SourceQuality "1"]
[TimeControl "5400+30"]

1. e4 e6 2. d4 d5 3. Nd2 c5 4. exd5 exd5 5. Ngf3 Nf6 6. Bb5+ Bd7 7. Bxd7+ Nbxd7 8. O-O Be7 9. dxc5 Nxc5 10. Nb3 Nce4 11. h3 O-O 12. Be3 Re8 13. c3 Nd6 14. Qc2 Nfe4 15. Rad1 Nc4 16. Bd4 Qd6 17. Rfe1 Qa6 18. Nc1 Bf8 19. Nd3 Rad8 20. Nfe5 h6 21. a3 Ng5 22. Re2 Ne6 23. Nf3 Nxd4 24. Nxd4 Re4 25. Rde1 Rde8 26. Nf4 Qd6 27. g3 Qd7 28. Kg2 g6 29. Qb3 Rxe2 30. Rxe2 Rxe2 31. Nfxe2 a6 32. a4 h5 33. h4 Bh6 34. Qc2 Qe7 35. b3 Nd6 36. Qd3 Ne4 37. Nf3 Qe6 38. Ned4 Qe7 39. Ne2 Qc5 40. Nfd4 Bg7 41. f3 Nf6 42. Qe3 Qc8 43. Qe7 Ne8 44. Nf4 Bf6 45. Nxd5 Bxd4 46. cxd4 Qc2+ 47. Kh3 Qf5+ 48. Kg2 Qc2+ 49. Kg1 Qd1+ 50. Kg2 Qc2+ 1/2-1/2

[Event "Kragero Resort A 2020"]
[Site "Kragero"]
[Date "2020.02.22"]
[Round "8.17"]
[White "Vestby-Ellingsen, Mads"]
[Black "Heimisson, Hilmir Freyr"]
[Result "0-1"]
[ECO "D02"]
[WhiteElo "2357"]
[BlackElo "2250"]
[Annotator "ChessBase"]
[PlyCount "66"]
[EventDate "2020.02.19"]
[EventType "swiss"]
[EventCountry "NOR"]
[SourceTitle "playchess.com"]
[Source "ChessBase"]
[SourceQuality "1"]
[TimeControl "5400+30"]

1. Nf3 c5 2. c3 d5 3. d4 Nc6 4. dxc5 e6 5. b4 a5 6. b5 Na7 7. e3 Bd7 8. a4 Bxc5 9. Be2 Nf6 10. Nbd2 Nc8 11. O-O Nb6 12. Bb2 O-O 13. c4 Bb4 14. Qb3 dxc4 15. Nxc4 Nxc4 16. Bxc4 Qe7 17. Rfd1 Rfd8 18. Be5 Be8 19. Qb2 Rac8 20. Be2 Ne4 21. Rxd8 Rxd8 22. Bxg7 f6 23. Bh6 Bc3 24. Qa3 Qb4 25. Ra2 Qb1+ 26. Bf1 Bf7 27. Re2 Qb4 28. Qc1 e5 29. Ne1 Nd2 30. Rxd2 Bxd2 31. Qd1 Bb3 32. Nc2 Qh4 33. Qb1 Bf7 0-1

[Event "Kragero Resort A 2020"]
[Site "Kragero"]
[Date "2020.02.22"]
[Round "8.18"]
[White "Vijayalakshmi, Subbaraman"]
[Black "Ingebretsen, Jens E"]
[Result "1-0"]
[ECO "D02"]
[WhiteElo "2331"]
[BlackElo "2241"]
[Annotator "ChessBase"]
[PlyCount "91"]
[EventDate "2020.02.19"]
[EventType "swiss"]
[EventCountry "NOR"]
[SourceTitle "playchess.com"]
[Source "ChessBase"]
[SourceQuality "1"]
[TimeControl "5400+30"]

1. d4 Nf6 2. Nf3 e6 3. Bf4 c5 4. e3 Nc6 5. Nbd2 d5 6. c3 Bd6 7. Bg3 O-O 8. Bd3 b6 9. Qe2 Bb7 10. Rd1 Re8 11. Ne5 Qc7 12. f4 Ne7 13. Qf3 a5 14. Bh4 Ng6 15. Bxf6 gxf6 16. Ng4 Qe7 17. f5 exf5 18. Nh6+ Kh8 19. Nxf5 Qc7 20. O-O Re6 21. Qh5 cxd4 22. exd4 Rg8 23. Nxd6 Qxd6 24. Rf3 Rg7 25. Rdf1 Qe7 26. Qh6 Bc6 27. Rg3 Qf8 28. Bxg6 fxg6 29. Rxg6 Qg8 30. Rgxf6 Rxg2+ 31. Kh1 Rg6 32. Rxg6 Rxg6 33. Qf4 h6 34. Qe5+ Kh7 35. Qf5 Kh8 36. Nf3 Bb5 37. Ne5 Rg7 38. Re1 Ba6 39. Qh3 Kh7 40. Qf5+ Kh8 41. Qf4 Kh7 42. Nd7 Rxd7 43. Qf5+ Kh8 44. Qxd7 Bd3 45. Qh3 Qg6 46. Qc8+ 1-0

[Event "Kragero Resort A 2020"]
[Site "Kragero"]
[Date "2020.02.22"]
[Round "8.19"]
[White "Nordquelle, Daniel"]
[Black "Sriram, Jha"]
[Result "0-1"]
[ECO "B78"]
[WhiteElo "2242"]
[BlackElo "2383"]
[Annotator "ChessBase"]
[PlyCount "112"]
[EventDate "2020.02.19"]
[EventType "swiss"]
[EventCountry "NOR"]
[SourceTitle "playchess.com"]
[Source "ChessBase"]
[SourceQuality "1"]
[TimeControl "5400+30"]

1. e4 c5 2. Nf3 d6 3. d4 cxd4 4. Nxd4 Nf6 5. Nc3 g6 6. Be3 Bg7 7. f3 O-O 8. Qd2 Nc6 9. Bc4 Bd7 10. O-O-O Rb8 11. Nd5 b5 12. Nxf6+ Bxf6 13. Nxc6 Bxc6 14. Bd5 Qc7 15. Kb1 Rfc8 16. h4 Bxd5 17. exd5 b4 18. h5 Rb5 19. hxg6 fxg6 20. Qe2 Ra5 21. Bd4 Qc4 22. Qe6+ Kf8 23. Bxf6 Qxa2+ 24. Kc1 Rxc2+ 25. Kxc2 Rc5+ 26. Kd2 Rxd5+ 27. Ke2 Rd2+ 28. Kxd2 Qxe6 29. Bd4 h5 30. Bxa7 Qa2 31. Bd4 e5 32. Bxe5 dxe5 33. Ke3 Qxb2 34. Rd2 Qc3+ 35. Ke2 Qc4+ 36. Ke3 Qf4+ 37. Ke2 e4 38. Rf1 Kg7 39. fxe4 Qxe4+ 40. Kf2 Qf4+ 41. Ke2 Qg3 42. Rf2 Qe5+ 43. Kf1 Qa1+ 44. Ke2 h4 45. Rf3 Qg1 46. Rf2 Qa1 47. Rf3 Qe5+ 48. Re3 Qg5 49. Kd3 Qd5+ 50. Kc2 Qa2+ 51. Kc1 Qa1+ 52. Kc2 Kh6 53. Rb3 Qa2+ 54. Rb2 Qc4+ 55. Kb1 b3 56. Rf2 Qe4+ 0-1

[Event "Kragero Resort A 2020"]
[Site "Kragero"]
[Date "2020.02.22"]
[Round "8.21"]
[White "Thorgeirsson, Jon Kristinn"]
[Black "Abdrlauf, Elham"]
[Result "1-0"]
[ECO "B15"]
[WhiteElo "2269"]
[BlackElo "2381"]
[Annotator "ChessBase"]
[PlyCount "131"]
[EventDate "2020.02.19"]
[EventType "swiss"]
[EventCountry "NOR"]
[SourceTitle "playchess.com"]
[Source "ChessBase"]
[SourceQuality "1"]
[TimeControl "5400+30"]

1. e4 c6 2. Nc3 d5 3. Nf3 dxe4 4. Nxe4 Nf6 5. Nxf6+ exf6 6. d4 Bd6 7. Bd3 O-O 8. O-O Re8 9. c3 Nd7 10. Qc2 Nf8 11. Bf5 Be6 12. Bxe6 fxe6 13. Re1 Qc7 14. h3 Ng6 15. Qb3 Qf7 16. Be3 b5 17. a4 a6 18. Ra2 Rab8 19. axb5 axb5 20. Rea1 e5 21. Qxf7+ Kxf7 22. Ra6 Rbc8 23. d5 Ne7 24. dxc6 Rxc6 25. Rxc6 Nxc6 26. Ra6 Rc8 27. b4 e4 28. Nd2 f5 29. Rb6 Ke6 30. Rxb5 Ra8 31. Rb6 Ra1+ 32. Nf1 Ne5 33. Bf4 g5 34. Bxg5 Nc4 35. Rc6 Kd5 36. Rc8 f4 37. Bxf4 Bxf4 38. Rc5+ Kd6 39. Rxc4 e3 40. Re4 Kd5 41. Re8 Be5 42. c4+ Ke4 43. fxe3 h5 44. b5 Rb1 45. g4 h4 46. Kf2 Rb2+ 47. Ke1 Re2+ 48. Kd1 Ra2 49. c5 Kd5 50. c6 Bc7 51. Re7 Bd6 52. c7 Ra8 53. b6 Kc6 54. Re6 Kd7 55. Rg6 Bc5 56. Ke2 Re8 57. Kd3 Kc8 58. Kc4 Ba3 59. Kd5 Kb7 60. e4 Rf8 61. Ne3 Bb4 62. Nc4 Rf1 63. Rg8 Bf8 64. Nd6+ Kxb6 65. c8=Q Rd1+ 66. Ke5 1-0

[Event "Kragero Resort A 2020"]
[Site "Kragero"]
[Date "2020.02.22"]
[Round "8.22"]
[White "Woithe, Daniel"]
[Black "Kjartansson, David"]
[Result "0-1"]
[ECO "B48"]
[WhiteElo "2067"]
[BlackElo "2356"]
[Annotator "ChessBase"]
[PlyCount "41"]
[EventDate "2020.02.19"]
[EventType "swiss"]
[EventCountry "NOR"]
[SourceTitle "playchess.com"]
[Source "ChessBase"]
[SourceQuality "1"]
[TimeControl "5400+30"]

1. e4 c5 2. Nf3 e6 3. d4 cxd4 4. Nxd4 Nc6 5. Nc3 Qc7 6. Be3 a6 7. Qf3 d6 8. O-O-O Nf6 9. Qg3 Be7 10. f3 Bd7 11. Qf2 b5 12. g4 h6 13. h4 b4 14. Nce2 d5 15. Nxc6 Bxc6 16. e5 Nd7 17. Bf4 a5 18. Nd4 a4 19. Bb5 Bxb5 20. Nxb5 Qc4 21. Qf1 0-1

[Event "Kragero Resort A 2020"]
[Site "Kragero"]
[Date "2020.02.22"]
[Round "8.23"]
[White "Sjoberg, Isak"]
[Black "Stefansson, Vignir Vatnar"]
[Result "1/2-1/2"]
[ECO "B01"]
[WhiteElo "2218"]
[BlackElo "2323"]
[Annotator "ChessBase"]
[PlyCount "86"]
[EventDate "2020.02.19"]
[EventType "swiss"]
[EventCountry "NOR"]
[SourceTitle "playchess.com"]
[Source "ChessBase"]
[SourceQuality "1"]
[TimeControl "5400+30"]

1. e4 d5 2. exd5 Qxd5 3. Nc3 Qd6 4. d4 Nf6 5. Nf3 c6 6. g3 Bf5 7. Bg2 e6 8. O-O h6 9. Nh4 Bh7 10. f4 Be7 11. f5 O-O 12. fxe6 Qxe6 13. Re1 Qd7 14. Nf3 Bd6 15. Ne2 Na6 16. a3 Qf5 17. c4 Qd3 18. Qxd3 Bxd3 19. b3 Rfe8 20. Ra2 Rad8 21. Rd2 Be4 22. Red1 Ng4 23. Ra2 Bb1 24. Rb2 Bh7 25. b4 Ne3 26. Bxe3 Rxe3 27. c5 Be7 28. Ra2 Bf6 29. Rdd2 Nc7 30. Ne5 Bg5 31. Nf3 Bf6 32. Ne5 Nb5 33. Ng4 Rd3 34. Nxf6+ gxf6 35. a4 Nc7 36. b5 cxb5 37. axb5 Nxb5 38. Bxb7 Nxd4 39. Nxd4 R8xd4 40. Rxd3 Rxd3 41. Rxa7 Rc3 42. c6 Kg7 43. Ra4 Bd3 1/2-1/2

[Event "Kragero Resort A 2020"]
[Site "Kragero"]
[Date "2020.02.22"]
[Round "8.24"]
[White "Storme, Isak"]
[Black "Kizatbay, Abyl"]
[Result "1-0"]
[ECO "B93"]
[WhiteElo "2314"]
[BlackElo "2142"]
[Annotator "ChessBase"]
[PlyCount "59"]
[EventDate "2020.02.19"]
[EventType "swiss"]
[EventCountry "NOR"]
[SourceTitle "playchess.com"]
[Source "ChessBase"]
[SourceQuality "1"]
[TimeControl "5400+30"]

1. e4 c5 2. Nf3 d6 3. d4 cxd4 4. Nxd4 Nf6 5. Nc3 a6 6. f4 e5 7. Nf3 Qc7 8. a4 Be7 9. Bd3 b6 10. O-O O-O 11. Kh1 Nbd7 12. Qe1 Bb7 13. Nh4 Rfe8 14. Nf5 Bf8 15. Qg3 Kh8 16. fxe5 dxe5 17. Qh4 Nc5 18. Nxg7 Bxg7 19. Rxf6 Qe7 20. Bg5 Ne6 21. Nd5 Nxg5 22. Nxe7 Bxf6 23. Nf5 Nxe4 24. Qh6 Re6 25. Bc4 Rg8 26. Bxe6 fxe6 27. Nd6 Nf2+ 28. Kg1 Rxg2+ 29. Kf1 Ng4 30. Qf8# 1-0

[Event "Kragero Resort A 2020"]
[Site "Kragero"]
[Date "2020.02.22"]
[Round "8.25"]
[White "Eliseev, Sergey"]
[Black "Khachatryan, Vahagn"]
[Result "1-0"]
[ECO "D30"]
[WhiteElo "1947"]
[BlackElo "2276"]
[Annotator "ChessBase"]
[PlyCount "109"]
[EventDate "2020.02.19"]
[EventType "swiss"]
[EventCountry "NOR"]
[SourceTitle "playchess.com"]
[Source "ChessBase"]
[SourceQuality "1"]
[TimeControl "5400+30"]

1. d4 d5 2. c4 c6 3. Nf3 e6 4. g3 dxc4 5. Bg2 b5 6. O-O Nd7 7. a4 Bb7 8. Ne5 Nxe5 9. dxe5 Qc7 10. Nc3 Bb4 11. axb5 Ne7 12. bxc6 Nxc6 13. Qa4 O-O 14. Nb5 Qe7 15. Bf4 Na5 16. Bxb7 Nxb7 17. Nxa7 Qc5 18. Be3 Qa5 19. Qxa5 Nxa5 20. Ra4 Nc6 21. Rfa1 Nxa7 22. Rxb4 Nc6 23. Rxa8 Rxa8 24. Rxc4 Nxe5 25. Rc7 h6 26. Bd4 Ng4 27. b4 Rb8 28. Rc4 Nf6 29. Bxf6 gxf6 30. Kf1 Kf8 31. Kg2 Ke7 32. Kf3 f5 33. Ke3 Kd6 34. Kd3 Ra8 35. Rh4 Ra3+ 36. Kc4 Ra2 37. Rxh6 Rxe2 38. f3 f4 39. gxf4 Rf2 40. f5 Rxf3 41. fxe6 fxe6 42. h4 Rf4+ 43. Kb5 Kd5 44. Rh8 e5 45. h5 Ke6 46. h6 Kf7 47. h7 Kg7 48. Re8 Kxh7 49. Rxe5 Kg6 50. Kc5 Kf6 51. Re8 Kf7 52. Re3 Rf5+ 53. Kc6 Rf6+ 54. Kc7 Rf5 55. Kb6 1-0

[Event "Kragero Resort A 2020"]
[Site "Kragero"]
[Date "2020.02.22"]
[Round "8.26"]
[White "Vitenberg, Noam Aviv"]
[Black "Gjestemoen-VonHirsch, Andre"]
[Result "1-0"]
[ECO "A09"]
[WhiteElo "2276"]
[BlackElo "1999"]
[Annotator "ChessBase"]
[PlyCount "66"]
[EventDate "2020.02.19"]
[EventType "swiss"]
[EventCountry "NOR"]
[SourceTitle "playchess.com"]
[Source "ChessBase"]
[SourceQuality "1"]
[TimeControl "5400+30"]

1. Nf3 d5 2. c4 d4 3. b4 f6 4. e3 e5 5. c5 a5 6. Qa4+ Bd7 7. b5 Bxc5 8. Bc4 Ne7 9. Ba3 Na6 10. O-O Nb4 11. exd4 exd4 12. d3 Bf5 13. Qb3 Qd6 14. Re1 O-O-O 15. Nbd2 Nbd5 16. Bxd5 Nxd5 17. Nc4 Qf8 18. Nxd4 Bxd4 19. Bxf8 Bxa1 20. Rxa1 Rhxf8 21. Nxa5 Nf4 22. b6 c6 23. Qc4 Ne2+ 24. Kh1 Rd6 25. Qc5 Rfd8 26. Qxf5+ Kb8 27. Qg4 Nc3 28. Qxg7 R6d7 29. Qxf6 Rxd3 30. h3 Nb5 31. a4 Nc3 32. Nc4 R3d4 33. Qe5+ Ka8 1-0

[Event "Kragero Resort A 2020"]
[Site "Kragero"]
[Date "2020.02.22"]
[Round "8.27"]
[White "Pevar, Andrew"]
[Black "Brodtkorb, Lars Johan"]
[Result "0-1"]
[ECO "A13"]
[WhiteElo "1998"]
[BlackElo "2179"]
[Annotator "ChessBase"]
[PlyCount "88"]
[EventDate "2020.02.19"]
[EventType "swiss"]
[EventCountry "NOR"]
[SourceTitle "playchess.com"]
[Source "ChessBase"]
[SourceQuality "1"]
[TimeControl "5400+30"]

1. Nf3 d5 2. c4 e6 3. g3 Nf6 4. Bg2 d4 5. O-O c5 6. e3 Nc6 7. exd4 cxd4 8. d3 Bd6 9. Re1 O-O 10. a3 a5 11. Nbd2 Bd7 12. Qc2 Re8 13. Ne4 Nxe4 14. Rxe4 e5 15. Bg5 f6 16. Bd2 Bc5 17. Rb1 a4 18. Ree1 Na5 19. Bb4 Qb6 20. Bxc5 Qxc5 21. Nd2 f5 22. g4 fxg4 23. Bd5+ Kh8 24. Ne4 Qe7 25. Qe2 Rf8 26. Ng3 Rae8 27. Qe4 Nb3 28. Qg2 Nd2 29. Bxb7 Rb8 30. Bd5 Rb3 31. c5 Rxd3 32. c6 Nxb1 33. Rxb1 Be6 34. Be4 Rd2 35. Rc1 Bb3 36. Nf5 Qc7 37. Qxg4 d3 38. Qg5 Rc2 39. Bxd3 Rxc1+ 40. Qxc1 Bd5 41. Qc5 Rd8 42. Ne7 Bf3 43. Bc2 Rd6 44. Qxe5 Rd1+ 0-1

[Event "Kragero Resort A 2020"]
[Site "Kragero"]
[Date "2020.02.22"]
[Round "8.28"]
[White "Petursson, Gudni"]
[Black "Birkisson, Bardur Orn"]
[Result "1/2-1/2"]
[ECO "D12"]
[WhiteElo "2026"]
[BlackElo "2186"]
[Annotator "NA"]
[PlyCount "38"]
[EventDate "2020.02.19"]
[EventType "swiss"]
[EventCountry "NOR"]
[SourceTitle "playchess.com"]
[Source "ChessBase"]
[SourceQuality "1"]
[TimeControl "5400+30"]

1. d4 d5 2. c4 c6 3. e3 Nf6 4. Nf3 Bf5 5. Nc3 e6 6. Bd3 Bxd3 7. Qxd3 Bd6 8. O-O Nbd7 9. e4 dxc4 10. Qxc4 e5 11. Bg5 h6 12. Bh4 O-O 13. Rad1 Qe7 14. dxe5 Nxe5 15. Nxe5 Bxe5 16. f4 Bxc3 17. Qxc3 Qxe4 18. Bxf6 gxf6 19. Qxf6 Qg6 1/2-1/2

[Event "Kragero Resort A 2020"]
[Site "Kragero"]
[Date "2020.02.23"]
[Round "9.10"]
[White "Gretarsson, Helgi Ass"]
[Black "Ranaldi, Lucas"]
[Result "1-0"]
[ECO "E12"]
[WhiteElo "2403"]
[BlackElo "2302"]
[Annotator "NA"]
[PlyCount "95"]
[EventDate "2020.02.19"]
[EventType "swiss"]
[EventCountry "NOR"]
[SourceTitle "playchess.com"]
[Source "ChessBase"]
[SourceQuality "1"]
[TimeControl "5400+30"]

1. d4 Nf6 2. c4 e6 3. Nf3 b6 4. Bf4 Bb7 5. e3 Bb4+ 6. Nfd2 c5 {[%emt 0:00:51] E12: Queen's Indian: Unusual White 4th moves, 4 a3, 4 Nc3 Bb7 5 a3 and 4 Nc3 Bb7 .} 7. a3 Bxd2+ $1 8. Qxd2 ({Much weaker is} 8. Kxd2 cxd4 9. exd4 Nc6 $17) 8... cxd4 9. Qxd4 Nc6 10. Qd1 {[%emt 0:00:01] [#]} O-O $146 ({Predecessor:} 10... d5 11. Nc3 dxc4 12. Bxc4 e5 13. Bg5 Ne7 14. O-O O-O 15. Qe2 a6 16. Rfd1 Qc7 {1-0 (31) Szydlowski,E-Rudak,W Wroclaw 1980}) 11. Nc3 a6 (11... d5 $11) 12. Bd6 Re8 13. Be2 e5 14. O-O Re6 15. a4 Rc8 16. b3 Na5 17. Rb1 Ne4 18. Nxe4 Bxe4 19. Rb2 Qg5 (19... Qh4 $5 20. g3 (20. f3 Qh6 $11) 20... Qh3 $11) 20. g3 Qh6 21. Ba3 d6 22. Bg4 f5 23. Bf3 Qg6 24. Bxe4 fxe4 25. Qd5 Nc6 26. Bxd6 Rd8 27. Qxc6 Rexd6 28. Qc7 Qg4 29. c5 bxc5 30. Qxc5 Rd5 $2 (30... Rd1 $16 {might work better.}) 31. Qc4 $18 Kh8 32. Qxa6 h5 33. Qe2 Qh3 34. b4 R5d6 35. b5 h4 36. b6 Qf5 37. b7 Rb8 38. a5 h3 39. Rc1 Qe6 40. Qc2 Qd5 41. a6 Qa5 42. Qc8+ Rd8 43. Qxh3+ Kg8 44. Qe6+ Kh8 45. Kg2 Qa3 46. Rbc2 Qf8 47. Qg4 Qa3 48. Rc7 1-0

[Event "Kragero Resort A 2020"]
[Site "Kragero"]
[Date "2020.02.23"]
[Round "9.11"]
[White "Heimisson, Hilmir Freyr"]
[Black "Tryggestad, Andreas Garberg"]
[Result "1-0"]
[ECO "A45"]
[WhiteElo "2250"]
[BlackElo "2380"]
[Annotator "NA"]
[PlyCount "143"]
[EventDate "2020.02.19"]
[EventType "swiss"]
[EventCountry "NOR"]
[SourceTitle "playchess.com"]
[Source "ChessBase"]
[SourceQuality "1"]
[TimeControl "5400+30"]

1. d4 Nf6 2. Bf4 g6 3. Nc3 d5 4. e3 Bg7 5. h4 h5 6. Nf3 {[%emt 0:00:26] A45: Trompowsky Attack.} Bf5 7. Bd3 Bxd3 {[%emt 0:00:20] [#]} 8. cxd3 $146 ({Predecessor:} 8. Qxd3 c6 9. Ne5 Nbd7 10. f3 Nxe5 11. Bxe5 Qb6 12. O-O-O O-O-O 13. Kb1 Ne8 14. Bxg7 Nxg7 {1-0 (43) Salomon,J (2498)-Gullaksen,E (2366) Norway 2017}) 8... O-O (8... c6 $11) 9. Qb3 b6 10. O-O c6 11. a4 (11. Rfc1 $16) 11... Nbd7 12. a5 Ne8 13. Rfc1 Nd6 14. Qa4 Rc8 15. Rc2 Nf5 16. Rac1 e6 17. Ne2 Nb8 18. axb6 axb6 19. g3 Ne7 20. b4 Qd7 21. Qa3 Rfd8 22. b5 $16 Bf8 23. Bxb8 Rxb8 24. Ne5 Qe8 25. Qb3 cxb5 26. Nc3 f6 27. Nf3 b4 28. Na2 Qb5 29. Nxb4 Nf5 30. Rb1 Rdc8 31. Nc6 Qxb3 32. Rxb3 b5 33. Nxb8 Rxc2 34. Rxb5 Nh6 35. Nh2 Rc3 36. Nd7 Be7 37. Nc5 Kf7 38. Rb7 e5 39. Rd7 exd4 40. exd4 Rc1+ 41. Kg2 Nf5 42. Rxd5 Rc2 43. Nf1 Bd6 44. Ne4 Ke6 45. Ra5 Nxd4 46. Ne3 Rc6 47. Ra8 Be7 48. Ra4 Nc2 49. d4 Nxe3+ 50. fxe3 Rb6 51. Kf3 Bf8 52. Ra8 Be7 53. Ra7 Bf8 54. Nf2 Rb3 55. Ra6+ Kf7 56. Ra7+ Ke6 57. Rh7 Ra3 58. Nh3 Bd6 59. Ng1 Bb4 60. Ne2 Bd2 61. Nf4+ Kd6 62. Ng2 Ke6 63. Rg7 Kf5 64. Re7 Bc1 65. Nf4 Rb3 66. Re4 Ba3 67. Ne6 g5 68. hxg5 fxg5 69. Re5+ Kf6 70. Nxg5 Kg6 71. Nh3 Bd6 72. Re6+ 1-0

[Event "Kragero Resort A 2020"]
[Site "Kragero"]
[Date "2020.02.23"]
[Round "9.12"]
[White "Shehzad, Shazil"]
[Black "Vijayalakshmi, Subbaraman"]
[Result "0-1"]
[ECO "B06"]
[WhiteElo "2144"]
[BlackElo "2331"]
[Annotator "ChessBase"]
[PlyCount "76"]
[EventDate "2020.02.19"]
[EventType "swiss"]
[EventCountry "NOR"]
[SourceTitle "playchess.com"]
[Source "ChessBase"]
[SourceQuality "1"]
[TimeControl "5400+30"]

1. e4 g6 2. d4 Bg7 3. Nc3 d6 4. Be3 a6 5. f4 b5 6. Be2 Nd7 7. e5 Bb7 8. Bf3 Qc8 9. Qe2 Nh6 10. Bf2 O-O 11. a4 bxa4 12. Nxa4 Rb8 13. h4 c5 14. e6 fxe6 15. Qxe6+ Kh8 16. dxc5 dxc5 17. Ne2 Bxf3 18. gxf3 Rf6 19. Qc4 Rb4 20. Qa2 Qc6 21. Nac3 Qxf3 22. O-O-O Rd6 23. Rhf1 Qb7 24. Rxd6 exd6 25. Re1 Nf8 26. h5 Qf3 27. Bg1 Qxh5 28. Qxa6 Nf5 29. Qa8 Qh4 30. Rd1 Ng3 31. Nxg3 Qxf4+ 32. Kb1 Qxg3 33. Rf1 Rf4 34. Rd1 h5 35. Ne2 Qg4 36. Nxf4 Qxd1+ 37. Ka2 Qxc2 38. Qb8 Qa4+ 0-1

[Event "Kragero Resort A 2020"]
[Site "Kragero"]
[Date "2020.02.23"]
[Round "9.14"]
[White "Kaasen, Tor Fredrik"]
[Black "Storme, Isak"]
[Result "1/2-1/2"]
[ECO "C60"]
[WhiteElo "2393"]
[BlackElo "2314"]
[Annotator "ChessBase"]
[PlyCount "96"]
[EventDate "2020.02.19"]
[EventType "swiss"]
[EventCountry "NOR"]
[SourceTitle "playchess.com"]
[Source "ChessBase"]
[SourceQuality "1"]
[TimeControl "5400+30"]

1. e4 e5 2. Nf3 Nc6 3. Bb5 a6 4. Ba4 g6 5. c3 Bg7 6. O-O b5 7. Bc2 d6 8. h3 Nf6 9. Re1 O-O 10. d4 exd4 11. cxd4 Bb7 12. Nc3 Re8 13. a3 Na5 14. Bg5 h6 15. Bh4 g5 16. Bg3 Nc4 17. Nd2 Nxd2 18. Qxd2 Nh5 19. Bh2 c5 20. d5 Be5 21. Bxe5 Rxe5 22. a4 Qb6 23. axb5 Nf4 24. g3 Ng6 25. Bd3 axb5 26. Rxa8+ Bxa8 27. Nxb5 Re8 28. Ra1 Ne5 29. Be2 c4 30. Qa5 Qb8 31. Nc7 Rc8 32. Nxa8 Qxb2 33. Qa6 Rb8 34. Qa2 c3 35. Qxb2 Rxb2 36. Bd1 Nf3+ 37. Kf1 c2 38. Bxc2 Rxc2 39. Ra4 Ne5 40. f4 gxf4 41. gxf4 Ng6 42. f5 Ne5 43. Ra6 Nf3 44. Rxd6 Rd2 45. Nc7 Nh2+ 46. Ke1 Nf3+ 47. Kf1 Nh2+ 48. Ke1 Nf3+ 1/2-1/2